 Seeded DCSS version 0.30-a0-748-ge6a52f7cba (webtiles) character file.

Game seed: 5430720872467839093 (custom seed)

2760 purpskrrrp the Grasshopper (level 9, -5/76 HPs)
             Began as a Troll Warper on Feb 8, 2023.
             Was a Follower of Wu Jian.
             Slain by Psyche
             ... wielding a +2 dagger of distortion
              (12 damage)
             ... on level 8 of the Dungeon.
             The game lasted 00:09:02 (4073 turns).

purpskrrrp the Grasshopper (Troll Warper)           Turns: 4073, Time: 00:09:02

Health: -5/76      AC:  0    Str: 21    XL:     9   Next: 41%
Magic:  13/13      EV: 14    Int: 13    God:    Wu Jian [*.....]
Gold:   1474       SH:  0    Dex:  9    Spells: 9/15 levels left

rFire   . . .      SeeInvis .      - Unarmed
rCold   . . .      Faith    .    (shield currently unavailable)
rNeg    . . .      Spirit   .    (body armour currently unavailable)
rPois   .          Reflect  .    (helmet currently unavailable)
rElec   .          Harm     .    (cloak currently unavailable)
rCorr   .          Rampage  .    (gloves unavailable)
Will    +....      Rnd*Tele +    (boots unavailable)
Stlth   +                        (no amulet)
HPRegen 1.12/turn                (ring currently unavailable)
MPRegen 0.13/turn                (ring currently unavailable)

@: lethally poisoned (-5 -> -7), pig-form, studying Fighting, very quick
A: fast, no casting, small, unfitting armour, (claws 3), regeneration 1, (shaggy
fur 1), (tough skin 1), (horns 1), (fire resistance 1), strong-willed 1,
teleportitis 1
a: Renounce Religion


You were on level 8 of the Dungeon.
You worshipped Wu Jian.
Wu Jian was aware of your devotion.
You were a filthy swine.
You visited 2 branches of the dungeon, and saw 7 of its levels.

You collected 1901 gold pieces.
You spent 427 gold pieces at shops.

Inventory:

Missiles
 c - 6 boomerangs of dispersal
 x - a throwing net
Armour
 a - a +0 robe
 n - a scarf of resistance (melded)
 s - the +2 pearl dragon scales of the Grey Skies (melded) {Contam rPois rF++ rN+ Dex+2}
   (You acquired it on level 2 of the Dungeon)

   Dex:       It affects your dexterity (+2).
   rF:        It greatly protects you from fire.
   rPois:     It protects you from poison.
   rN:        It protects you from negative energy.
   Contam:    It causes magical contamination when unequipped.
Jewellery
 l - a +6 ring of strength (melded)
 r - a ring of protection from cold (melded)
 C - a ring of positive energy
Wands
 u - a wand of mindburst (22)
 B - a wand of roots (5)
 H - a wand of quicksilver (1)
Scrolls
 b - 3 scrolls of blinking
 d - a scroll of identify
 e - a scroll of torment {unknown}
 f - 2 scrolls of amnesia
 j - 2 scrolls of noise {unknown}
 k - 4 scrolls of teleportation {unknown}
 m - a scroll of brand weapon {unknown}
 o - 4 scrolls of enchant armour
 p - a scroll of fog {unknown}
 q - a scroll of immolation {unknown}
 y - a scroll of silence {unknown}
 A - a scroll of poison {unknown}
 D - a scroll of butterflies {unknown}
 E - a scroll of fear
 F - 2 scrolls of magic mapping {unknown}
Potions
 g - a potion of resistance {unknown}
 h - 3 potions of attraction {unknown}
 i - 2 potions of curing
 t - 2 potions of lignification
 v - a potion of ambrosia
 w - a potion of degeneration
 z - 3 potions of berserk rage
 G - a potion of brilliance {unknown}
 I - a potion of magic {unknown}


   Skills:
 - Level 1.5 Fighting
 - Level 0.8 Throwing
 + Level 4.2 Armour
 - Level 1.9 Dodging
 + Level 6.2 Unarmed Combat
 + Level 3.9 Spellcasting
 * Level 6.8 Translocations


You had 9 spell levels left.
You knew the following spells:

 Your Spells              Type           Power      Damage    Failure   Level
a - Blink                 Tloc           40%        N/A       1%          2
b - Manifold Assault      Tloc           20%        N/A       13%         4

Your spell library contained the following spells:

 Spells                   Type           Power      Damage    Failure   Level
 Lesser Beckoning         Tloc           40%        N/A       1%          2
 Teleport Other           Tloc           20%        N/A       3%          3
 Vhi's Electric Charge    Tloc/Air       22%        N/A       16%         3
 Static Discharge         Conj/Air       4%         2-3/arc   32%         2
 Arcjolt                  Conj/Air       1%         1d11      99%         5
 Lightning Bolt           Conj/Air       1%         1d12      99%         5


Dungeon Overview and Level Annotations

Branches:
Dungeon (5/15)             Temple (1/1) D:4

Altars:
Cheibriados
Dithmenos
Hepliaklqana
Nemelex Xobeh
Okawaru
Ru
Sif Muna
Uskayaw
Vehumet
Wu Jian
Xom
Yredelemnul
Zin
The Shining One

Shops:
D:2 ?

Annotations:
D:8 Psyche


Innate Abilities, Weirdness & Mutations

You are a filthy swine.
You move quickly.
Your equipment is almost entirely melded.
You are incapable of wielding weapons or throwing items.
You cannot cast spells.
You are too large for most types of armour.
((You have claws for hands.))
Your natural rate of healing is unusually fast.
((You are covered in fur. (AC +1)))
((You have tough skin. (AC +1)))
((You have a pair of small horns on your head.))
((Your flesh is heat resistant. (rF+)))
You are strong-willed. (Will+)
You are occasionally teleported next to monsters.


Message History

You scratch the yak but do no damage.
The yak is severely wounded.
The yak closely misses you.
You claw the yak!
You kill the yak!
The Council accepts your kill.
You barely miss something. Something hits you but does no damage.
You miss something.
The gnoll hits you from afar with a +0 spear of venom.
You are poisoned.
Something hits you.
You barely miss something. Your headbutt misses something.
You feel very sick. Something hits you.
You blink.
You feel sick.
You feel sick.
You hear some strange, mumbled words.
You turn into a filthy swine.
Your scarf of resistance melds into your body.
The +2 pearl dragon scales of the Grey Skies {Contam rPois rF++ rN+ Dex+2} melds into your body.
Your +6 ring of strength melds into your body.
Your ring of protection from cold melds into your body.
You feel hot and cold all over.
You feel weaker.
You feel sick.
You bite something! Something barely misses you.
You hit something.
You feel sick. Something hits you! Space warps horribly around you!
You hit something.
You feel sick. Something hits you. Space warps around you.
The gnoll hits you with a +0 whip.
* * * LOW HITPOINT WARNING * * *
The gnoll hits you from afar with a +0 spear of venom.
* * * LOW HITPOINT WARNING * * *
You are more poisoned.
You closely miss something.
You feel very sick. Something hits you.
* * * LOW HITPOINT WARNING * * *
You closely miss something.
You feel sick. Something hits you!
You die...

##..######
#........#
.####........#
.............#
####........#
#........# #
#........#
#.####g.......#
#.))Yg.h......#
#..###........#
.....
##+#######
####.. #.. #..
.@. ...


You could see a yak and 2 gnolls.

Vanquished Creatures
  A two-headed ogre (D:5)
  The ghost of elongatedgoose the Ducker, a novice MfGl (D:4)
  5 yaks (D:8)
  Duvessa (D:5)
  An ice beast (D:5)
  Blork the orc (D:4)
  A gnoll sergeant (D:8)
  A bullfrog (D:4)
  2 scorpions
  A necrophage (D:2)
  Dowan (D:5)
  2 orc priests
  A hound (D:5)
  2 iguanas
  5 orc wizards
  13 gnolls
  7 adders
  A white imp (D:4)
  An ufetubus (D:5)
  3 worms (D:4)
  A dart slug (D:4)
  8 orcs
  3 bats
  8 endoplasms
  3 giant cockroaches
  4 goblins
  7 hobgoblins
  7 jackals
  6 kobolds
  5 quokkas
  8 ball pythons
  2 frilled lizards
  3 rats
116 creatures vanquished.

Notes
Turn   | Place    | Note
-------+----------+-------------------------------------------
     0 | D:1      | purpskrrrp the Troll Warper began the quest for the Orb.
     0 | D:1      | Reached XP level 1. HP: 19/19 MP: 1/1
   118 | D:1      | Reached XP level 2. HP: 27/27 MP: 3/3
   887 | D:2      | Reached XP level 3. HP: 33/33 MP: 4/4
  1070 | D:2      | Noticed a necrophage
  1075 | D:2      | Killed a necrophage
  1076 | D:2      | Reached XP level 4. HP: 34/41 MP: 5/5
  1349 | D:2      | Found Doddoiw's Magic Scroll Shoppe.
  1439 | D:2      | Identified 4 scrolls of acquirement
  1439 | D:2      | Acquired the +2 pearl dragon scales of the Grey Skies
                  | {Contam rPois rF++ rN+ Dex+2}
  1450 | D:2      | Acquired 797 gold pieces
  1452 | D:2      | Acquired a scarf of resistance
  1453 | D:2      | Acquired 900 gold pieces
  1471 | D:3      | Reached XP level 5. HP: 48/48 MP: 6/6
  1548 | D:3      | Identified the +3 short sword of the Manifold Quests
                  | {flame, rElec Int+5}
  1676 | D:3      | Reached XP level 6. HP: 40/55 MP: 8/8
  1726 | D:3      | Found an iron altar of Okawaru.
  1775 | D:3      | Identified the +2 robe of Binutifa {rPois Dex+5}
  1881 | D:3      | Found a faded altar of an unknown god.
  2212 | D:4      | Reached skill level 1 in Armour
  2447 | D:4      | Found a runed translucent door.
  2448 | D:4      | Found a staircase to the Ecumenical Temple.
  2462 | D:4      | Noticed elongatedgoose's ghost (novice MfGl)
  2568 | Temple   | Entered the Ecumenical Temple
  2809 | Temple   | Became a worshipper of the Wu Jian Council
  2983 | D:4      | Noticed Blork the orc
  2989 | D:4      | Killed Blork the orc
  2990 | D:4      | Reached XP level 7. HP: 61/62 MP: 9/9
  3285 | D:4      | Killed elongatedgoose's ghost
  3286 | D:4      | Reached skill level 5 in Translocations
  3347 | D:2      | Bought a scroll of identify for 28 gold pieces
  3347 | D:2      | Bought a scroll of enchant armour for 105 gold pieces
  3347 | D:2      | Bought a scroll of enchant armour for 105 gold pieces
  3347 | D:2      | Bought a scroll of identify for 28 gold pieces
  3347 | D:2      | Bought a scroll of fear for 56 gold pieces
  3347 | D:2      | Bought a scroll of blinking for 105 gold pieces
  3352 | D:2      | Gained mutation: You are strong-willed. (Will+) [potion of
                  | mutation]
  3352 | D:2      | Gained mutation: You have a pair of small horns on your
                  | head. [potion of mutation]
  3352 | D:2      | Gained mutation: You are occasionally teleported next to
                  | monsters. [potion of mutation]
  3352 | D:2      | Gained mutation: Your flesh is heat resistant. (rF+)
                  | [potion of mutation]
  3420 | D:5      | Entered Level 5 of the Dungeon
  3430 | D:5      | Reached XP level 8. HP: 63/70 MP: 11/11
  3437 | D:5      | Noticed a two-headed ogre
  3452 | D:5      | Killed a two-headed ogre
  3453 | D:5      | Reached skill level 5 in Unarmed Combat
  3537 | D:5      | Reached * piety under Wu Jian
  3782 | D:5      | Noticed Duvessa
  3782 | D:5      | Noticed Dowan
  3786 | D:5      | Killed Dowan
  3793 | D:5      | Killed Duvessa
  3794 | D:5      | Reached XP level 9. HP: 36/76 MP: 13/13
  3992 | D:5      | You fall into a shaft and drop 3 floors!
  3996 | D:8      | Learned a level 2 spell: Blink
  4001 | D:8      | Learned a level 4 spell: Manifold Assault
  4027 | D:8      | Noticed Psyche
  4073 | D:8      | Slain by Psyche

Illustrated notes

Levels and vault maps discovered:
D:1:      dpeg_arrival_boxes_within_box, layout_basic
D:2:      layout_loops_ring, serial_shops, shop, nicolae_kite_square_tiling_tiny
D:3:      layout_rooms, okawaru_metal_pillars_3, ebering_ecumenical_altar_rust
D:4:      layout_basic, minmay_temple_entry_overgrown, ebering_ghost_sewer_d,
          minmay_manual_monstrance, uniq_blork_the_orc
D:5:      layout_basic, uniq_duvessa
D:8:      layout_basic, trog_wizard, chequers_serial_rivers_marsh, uniq_psyche,
          uniq_joseph
Temple:   oiseaux_autumnal_temple

Skill      XL: |  1  2  3  4  5  6  7  8  9 |
---------------+----------------------------+-----
Translocations | 3 4 5 6 |  6.8
Unarmed Combat | 3 4 5 6 |  6.2
Spellcasting   | 2 3 |  3.9
Armour         | 1 2 3 4 |  4.2
Fighting       | |  1.5
Throwing       | |  0.8
Dodging        | |  1.9

Action                     |  1- 3 |  4- 6 |  7- 9 || total
---------------------------+-------+-------+-------++-------
  Melee: Unarmed           |    71 |   197 |   159 ||   427
         Punch             |       |     2 |     2 ||     4
         Headbutt          |       |       |    20 ||    20
  Throw: Boomerang         |     1 |       |       ||     1
Ability: Lunge             |       |     2 |     8 ||    10
    Use: Scroll            |       |     4 |     6 ||    10
         Potion            |       |       |     3 ||     3
   Stab: Sleeping          |     1 |       |       ||     1
 Armour: Robe              |    39 |     1 |       ||    40
         Pearl dragon scal |       |   175 |   120 ||   295
  Dodge: Dodged            |    47 |    93 |    83 ||   223

Table legend: (Time is in decaauts)
 A = Elapsed time spent in this place.
 B = Non-inter-level travel time spent in this place.
 C = Inter-level travel time spent in this place.
 D = Time resting spent in this place.
 E = Time spent auto-exploring this place.
 F = Levels seen in this place.
 G = Mean time per level.
                   A        B        C        D        E       F      G
               +--------+--------+--------+--------+--------+-----+--------+
         Total |   4044 |   3761 |    283 |     22 |   2941 |   7 |  577.7 |
       Dungeon |   3778 |   3528 |    250 |     22 |   2721 |   6 |  629.7 |
        Temple |    266 |    233 |     33 |      0 |    220 |   1 |  266.0 |
               +--------+--------+--------+--------+--------+-----+--------+

Top non-repeatable levels by time:
     D:4: 980 daAuts
     D:1: 829 daAuts
     D:2: 735 daAuts
     D:3: 591 daAuts
     D:5: 566 daAuts
  Temple: 266 daAuts
     D:8: 74 daAuts
